 Dungeon Crawl Stone Soup version 0.31-a0-489-g282fc92437 (webtiles) character file.

Game seed: 1990227994548958240

8533 Morbidden the Magician (level 11, -2/80 HPs)
             Began as a Demonspawn Air Elementalist on Aug 8, 2023.
             Was a High Priest of Cheibriados.
             Slain by a sun demon (10 damage)
             ... summoned by a kobold demonologist
             ... on level 10 of the Dungeon.
             The game lasted 00:12:12 (13287 turns).

Morbidden the Magician (DsAE)                      Turns: 13287, Time: 00:12:13

Health: -2/80      AC: -11   Str: 22    XL:     11   Next: 11%
Magic:  2/22       EV: 17    Int: 33    God:    Cheibriados [*****.]
Gold:   519        SH:  0    Dex: 27    Spells: 17/25 levels left

rFire   . . .        a - +7 Throatcutter {drain, coup de grace}
rCold   . . .        (no shield)
rNeg    . . .        D - +5 scale mail "Ciputsesm" {Regen+ SInv}
rPois   +            (helmet restricted)
rElec   .            p - +0 cloak {rPois}
rCorr   .            (no gloves)
SInv    +            (no boots)
Will    .....        (no amulet)
Stlth   +            s - +5 ring of evasion
HPRegen 1.13/turn    t - ring of wizardry
MPRegen 0.18/turn

%: wizardry (x1)
@: corroded, very slow
A: antennae 1, claws 2, hooves 1, demonic guardian 2, powered by death 1
a: Renounce Religion, Bend Time, Temporal Distortion, Slouch, Step From Time


You were on level 10 of the Dungeon.
You worshipped Cheibriados.
Cheibriados was extremely pleased with you.
You visited 1 branch of the dungeon, and saw 10 of its levels.

You collected 519 gold pieces.

Inventory:

Hand Weapons
 a - the +7 Throatcutter (weapon) {drain, coup de grace}
   (You found it on level 6 of the Dungeon)
Missiles
 o - 6 curare-tipped darts
 w - 26 poisoned darts (quivered)
Armour
 p - a +0 cloak of poison resistance (worn)
 D - the +5 scale mail "Ciputsesm" (worn) {Regen+ SInv}
   (You found it on level 8 of the Dungeon)

   SInv:      It lets you see invisible.
   Regen:     It increases your rate of health regeneration.
Jewellery
 g - a ring of ice
 s - a +5 ring of evasion (left claw)
 t - a ring of wizardry (right claw)
 A - a +6 ring of strength
Talismans
 i - a beast talisman
Wands
 q - a wand of flame (7)
Scrolls
 c - 2 scrolls of identify {unknown}
 h - 2 scrolls of immolation {unknown}
 k - 2 scrolls of blinking {unknown}
 l - a scroll of revelation {unknown}
 m - 3 scrolls of fear {unknown}
 r - a scroll of noise {unknown}
 u - a scroll of enchant armour {unknown}
 x - 2 scrolls of poison {unknown}
 y - 2 scrolls of teleportation {unknown}
Potions
 b - 4 potions of magic
 d - 2 potions of lignification {unknown}
 e - 2 potions of invisibility {unknown}
 f - 5 potions of attraction {unknown}
 j - 3 potions of brilliance {unknown}
 n - 2 potions of curing {unknown}
 v - a potion of enlightenment {unknown}
 z - a potion of berserk rage {unknown}
 B - a potion of might {unknown}
 C - a potion of haste {unknown}


   Skills:
 * Level 5.2 Fighting
 + Level 0.2(2.3) Short Blades
 * Level 3.7(3.8) Long Blades
 + Level 3.1 Armour
 + Level 2.4 Dodging
 + Level 2.3 Stealth
 + Level 3.1 Unarmed Combat
 * Level 7.8 Spellcasting
 * Level 5.6 Conjurations
 * Level 3.4 Fire Magic
 * Level 7.2 Air Magic
 * Level 6.6 Invocations
 + Level 1.4 Evocations
 * Level 3.0 Shapeshifting


You had 17 spell levels left.
You knew the following spells:

 Your Spells              Type           Power      Damage    Failure   Level
a - Airstrike             Air            28%        2d(5-21)  1%          4
b - Static Discharge      Conj/Air       100%       2-7/arc   1%          2
c - Shock                 Conj/Air       100%       1d9       1%          1
d - Foxfire               Conj/Fire      100%       2x1d9     1%          1

Your spell library contained the following spells:

 Spells                   Type           Power      Damage    Failure   Level
 Kiss of Death            Conj/Necr      100%       2d13      1%          1
 Momentum Strike          Conj/Tloc      62%        3d9       1%          2
 Swiftness                Air            57%        N/A       1%          3
 Cigotuvi's Dreadful Rot  Necr/Pois/Air  56%        N/A       2%          2
 Stone Arrow              Conj/Erth      62%        3d10      3%          3
 Sandblast                Erth           24%        2d8       4%          1
 Blink                    Tloc           24%        N/A       6%          2
 Lesser Beckoning         Tloc           24%        N/A       6%          2
 Passwall                 Tmut/Erth      10%        N/A       6%          2
 Wereblood                Tmut           12%        N/A       6%          2
 Ignite Poison            Fire/Tmut/Pois 20%        N/A       7%          3
 Confusing Touch          Hex            12%        N/A       12%         3
 Gell's Gravitas          Tloc           12%        N/A       12%         3
 Teleport Other           Tloc           12%        N/A       12%         3
 Freezing Cloud           Conj/Ice/Air   20%        6-21      17%         5
 Irradiate                Conj/Tmut      15%        3d16      32%         5
 Dispel Undead            Necr           12%        3d9       34%         4
 Olgreb's Toxic Radiance  Pois           12%        N/A       34%         4
 Plasma Beam              Fire/Air       24%        2x1d36    52%         6
 Starburst                Conj/Fire      21%        6d7       61%         6
 Dispersal                Tloc           6%         N/A       99%         6
 Discord                  Hex            6%         N/A       100%        8
 Ignition                 Fire           17%        3d7       100%        8


Dungeon Overview and Level Annotations

Branches:
Dungeon (10/15)            Temple (0/1) D:6            Lair (0/5) D:10
    Orc (0/2) D:10

Altars:
Cheibriados
Dithmenos
Fedhas
Hepliaklqana
Nemelex Xobeh
Ru
Trog
Uskayaw
Vehumet
Xom
Yredelemnul

Shops:
D:5 :

Annotations:
D:7 2 transporters


Innate Abilities, Weirdness & Mutations

You have a pair of small antennae on your head.
You have very sharp fingernails.
You have large cloven feet.
A demonic guardian rushes to your aid.
You regenerate a little health from kills.


Message History

Unknown command.
The rust devil attacks as you move away!
The rust devil hits you! The rust devil corrodes you!
The rust devil misses you.
Unknown command.
You swap places.
Your hellwing hits the rust devil. x2
The rust devil hits your hellwing. The rust devil corrodes your hellwing!
Your hellwing hits the rust devil!
Your hellwing hits the rust devil but does no damage.
The rust devil barely misses your hellwing.
Unknown command.
Unknown command.
Casting: Static Discharge (safe; 1% risk of failure)
Confirm with . or Enter, or press ? or * to list all spells.
You don't have enough magic to cast this spell.
You swap places.
The kobold demonologist looks braver for a moment.
The rust devil hits you! The rust devil corrodes you!
The rust devil closely misses you.
Unknown command.
You swap places.
The rust devil disappears in a puff of smoke!
The kobold demonologist casts a spell.
Your hellwing barely misses the kobold demonologist.
Your hellwing hits the kobold demonologist.
The kobold demonologist casts a cantrip, but nothing happens.
Unknown command.
Your hellwing hits the kobold demonologist.
Your hellwing closely misses the kobold demonologist.
The kobold demonologist completely misses your hellwing.
Your hellwing barely misses the kobold demonologist.
Your hellwing hits the kobold demonologist.
The kobold demonologist casts a cantrip, but nothing happens.
The sun demon hits you!
You are engulfed in flames!
A demonic guardian appears!
Your hellwing hits the sun demon!
Your hellwing closely misses the sun demon.
The sun demon hits you!!
* * * LOW HITPOINT WARNING * * *
You are engulfed in flames!
You die...

.......K...........#
...5.5.K#####......#
....o.ooo.# #...<..###
#K#> #......... #K#
#......... #4#
#.........
#.#####....[....
#########...............
.......@34...........###
.#########...........# #
######### #


You could see a sun demon (summoned, ally target) and a friendly hellwing
(summoned).

Vanquished Creatures
  An oklob plant (D:8)
  Joseph (D:8)
  Maggie (D:8)
  3 kobold demonologists
  A troll (D:9)
  Grinder (D:6)
  Prince Ribbit (D:7)
  14 yaks
  A vampire (D:9)
  A steam dragon (D:8)
  Eustachio (D:4)
  Menkaure (D:4)
  A water moccasin (D:7)
  3 orc warriors
  3 sky beasts
  2 black bears (D:5)
  An ice beast (D:5)
  A centaur (D:9)
  A phantom (D:5)
  Blork the orc (D:4)
  8 kobold brigands
  2 bullfrogs (D:8)
  A gnoll sergeant (D:9)
  A scorpion (D:7)
  3 wights (D:8)
  7 killer bees
  A howler monkey (D:8)
  3 jellies
  3 orc priests
  3 sleepcaps
  2 iguanas
  6 orc wizards
  8 gnolls
  2 adders
  2 shadow imps
  3 white imps (D:5)
  An ufetubus (D:6)
  2 worms (D:2)
  5 dart slugs
  31 orcs
  A ball python (D:1)
  7 bats
  7 endoplasms
  5 giant cockroaches
  18 goblins
  9 hobgoblins
  5 jackals
  5 quokkas
  9 frilled lizards
  7 kobolds
  6 rats
213 creatures vanquished.

Vanquished Creatures (collateral kills)
  2 yaks (D:9)
  A kobold brigand (D:6)
  A killer bee (D:9)
  Robin (D:4)
  2 orcs (D:4)
  An endoplasm (D:4)
8 creatures vanquished.

Vanquished Creatures (others)
  A kobold brigand (D:6)
1 creature vanquished.

Grand Total: 222 creatures vanquished

Notes
Turn   | Place    | Note
-------+----------+-------------------------------------------
     0 | D:1      | Morbidden the Demonspawn Air Elementalist began the quest
                  | for the Orb.
     0 | D:1      | Reached XP level 1. HP: 13/13 MP: 3/3
   178 | D:1      | Discovered your monstrous ancestry.
   178 | D:1      | Gained mutation: You have sharp fingernails. [demonic
                  | ancestry]
   178 | D:1      | Reached XP level 2. HP: 16/19 MP: 0/5
   816 | D:1      | Gained mutation: You regenerate a little health from kills.
                  | [demonic ancestry]
   816 | D:1      | Reached XP level 3. HP: 25/25 MP: 4/6
  1063 | D:1      | Learned a level 2 spell: Static Discharge
  1411 | D:2      | Found a snail-covered altar of Cheibriados.
  1456 | D:2      | Became a worshipper of Cheibriados the Contemplative
  2019 | D:2      | Reached * piety under Cheibriados
  2199 | D:2      | Reached XP level 4. HP: 31/31 MP: 2/8
  3056 | D:3      | Found a hazy altar of Hepliaklqana.
  3127 | D:3      | Found a hide-covered altar of Uskayaw.
  3462 | D:3      | Reached ** piety under Cheibriados
  3593 | D:4      | Noticed Eustachio
  3746 | D:4      | Killed Eustachio
  3747 | D:4      | Reached skill level 1 in Fighting
  3747 | D:4      | Reached skill level 1 in Unarmed Combat
  3747 | D:4      | Reached skill level 1 in Invocations
  3747 | D:4      | Gained mutation: A weak demonic guardian rushes to your
                  | aid. [demonic ancestry]
  3747 | D:4      | Reached XP level 5. HP: 22/37 MP: 5/10
  4024 | D:4      | Noticed Robin
  4035 | D:4      | Gained mutation: You have very sharp fingernails. [demonic
                  | ancestry]
  4035 | D:4      | Reached XP level 6. HP: 35/43 MP: 1/11
  4056 | D:4      | Killed Robin
  4174 | D:4      | Noticed Blork the orc
  4187 | D:4      | Killed Blork the orc
  4399 | D:4      | Reached *** piety under Cheibriados
  4539 | D:4      | Noticed Menkaure
  4544 | D:4      | Killed Menkaure
  4654 | D:4      | Reached XP level 7. HP: 43/49 MP: 6/13
  5001 | D:5      | Entered Level 5 of the Dungeon
  5021 | D:5      | Found Otihalle's Book Shoppe.
  5337 | D:5      | Reached skill level 1 in Armour
  5343 | D:5      | Learned a level 4 spell: Airstrike
  5345 | D:5      | Learned a level 1 spell: Foxfire
  5525 | D:5      | Reached skill level 1 in Shapeshifting
  6062 | D:5      | Found a basalt altar of Yredelemnul.
  6113 | D:5      | Gained mutation: A demonic guardian rushes to your aid.
                  | [demonic ancestry]
  6113 | D:5      | Reached XP level 8. HP: 56/57 MP: 4/14
  6736 | D:6      | Reached skill level 1 in Fire Magic
  6901 | D:6      | Found a sparkling altar of Nemelex Xobeh.
  7057 | D:6      | Found a staircase to the Ecumenical Temple.
  7059 | D:6      | Noticed Grinder
  7063 | D:6      | Killed Grinder
  7064 | D:6      | Reached skill level 5 in Spellcasting
  7258 | D:6      | Reached **** piety under Cheibriados
  7394 | D:6      | Found a bloodstained altar of Trog.
  7620 | D:6      | Found the +7 Throatcutter {drain, coup de grace}
  7650 | D:6      | Reached skill level 5 in Air Magic
  7663 | D:6      | Reached skill level 1 in Evocations
  7663 | D:6      | Reached XP level 9. HP: 51/65 MP: 17/17
  8042 | D:7      | Noticed Prince Ribbit
  8062 | D:7      | Killed Prince Ribbit
  8063 | D:7      | Reached skill level 5 in Invocations
  8621 | D:7      | Identified the +2 ring mail of Ebbit {+Blink Will+ Int+3}
  8819 | D:7      | Found a shadowy altar of Dithmenos.
  8819 | D:7      | Found a shimmering altar of Xom.
  8971 | D:7      | Noticed a two-headed ogre
  9024 | D:7      | Found a transporter.
  9151 | D:7      | You fall into a shaft and drop 3 floors!
  9151 | D:10     | Entered Level 10 of the Dungeon
  9169 | D:10     | Reached skill level 1 in Long Blades
  9317 | D:10     | Found a staircase to the Lair.
  9477 | D:9      | Gained mutation: You have large cloven feet. [demonic
                  | ancestry]
  9477 | D:9      | Reached XP level 10. HP: 18/73 MP: 4/19
  9706 | D:9      | Reached ***** piety under Cheibriados
  9841 | D:9      | Found a sacrificial altar of Ru.
 10549 | D:9      | Reached skill level 5 in Conjurations
 10779 | D:8      | Found a radiant altar of Vehumet.
 10802 | D:8      | Reached skill level 5 in Fighting
 11261 | D:8      | Noticed Joseph
 11266 | D:8      | Killed Joseph
 11474 | D:8      | Identified the +5 scale mail "Ciputsesm" {Regen+ SInv}
 11573 | D:8      | Noticed Maggie
 11577 | D:8      | Killed Maggie
 11783 | D:8      | Found a blossoming altar of Fedhas.
 11795 | D:8      | Noticed an oklob plant
 12267 | D:8      | Killed an oklob plant
 12268 | D:8      | Gained mutation: You have a pair of small antennae on your
                  | head. [demonic ancestry]
 12268 | D:8      | Reached XP level 11. HP: 61/79 MP: 3/22
 13216 | D:7      | Found a transporter.
 13286 | D:10     | Noticed a sun demon
 13287 | D:10     | Slain by a sun demon

Illustrated notes

Levels and vault maps discovered:
D:1:      dpeg_arrival_arbitrary_b, layout_basic, serial_bayou_pond_b
D:2:      layout_basic, basic_altar, dk_noncrumbling_3, grunt_decor_arrowhead,
          minmay_divided_ellipse
D:3:      layout_rooms, mainiacjoe_overflow_24_doors,
          mainiacjoe_overflow_tiny_flanked, due_unseen_surprise
D:4:      layout_gridville, chequers_big_river, uniq_eustachio, uniq_menkaure,
          uniq_robin, uniq_blork_the_orc
D:5:      layout_loops_cross, marbit_many_paths, serial_shops, shop_statue
D:6:      layout_loops_ring, amcnicky_altar_gilded, zin_treasury,
          lemuel_crystal_altar, minmay_temple_entry_offerings,
          dilly_guarded_unrand_throatcut, uniq_grinder
D:7:      gammafunk_beogh_shrine, layout_basic, mainiacjoe_overflow_alcove_2,
          gammafunk_temple_overflow_pools, uniq_prince_ribbit1
D:8:      layout_cave_pods, tgw_fedhas, nicolae_vehumet_radiance,
          kennysheep_generic_room_10, uniq_maggie, uniq_joseph
D:9:      layout_irregular_city, overflow_temple_1_default
D:10:     layout_irregular_city, mainiacjoe_overflow_chevrons, lair_entry_dummy,
          orc_0_dummy

Skill      XL: |  1  2  3  4  5  6  7  8  9 10 11 |
---------------+----------------------------------+-----
Air Magic      | 3 4 5 7 |  7.2
Dodging        | 2 |  2.4
Spellcasting   | 3 4 5 6 7 |  7.8
Fighting       | 1 2 3 4 5 |  5.2
Unarmed Combat | 1 2 3 |  3.1
Conjurations   | 2 3 4 5 |  5.6
Invocations    | 1 2 3 4 5 6 |  6.6
Armour         | 1 2 3 |  3.1
Shapeshifting  | 1 2 3 |  3.0
Stealth        | 2 |  2.3
Fire Magic     | 1 2 3 |  3.4
Evocations     | 1 |  1.4
Long Blades    | 1 3 |  3.7
Short Blades   | |  0.2

Action                     |  1- 3 |  4- 6 |  7- 9 | 10-12 || total
---------------------------+-------+-------+-------+-------++-------
  Melee: Unarmed           |    86 |    52 |    87 |       ||   225
         Dagger            |     5 |       |       |       ||     5
         Punch             |     2 |     2 |     3 |     2 ||     9
         Long sword        |       |       |    47 |    71 ||   118
         Kick              |       |       |       |    27 ||    27
  Throw: Dart              |       |       |       |     7 ||     7
   Cast: Shock             |    93 |    95 |    81 |       ||   269
         Static Discharge  |       |    10 |    13 |     4 ||    27
         Airstrike         |       |       |    34 |    81 ||   115
  Evoke: Wand              |       |       |     4 |       ||     4
    Use: Potion            |     1 |     1 |       |       ||     2
 Armour: Robe              |    14 |     7 |       |       ||    21
         Ring mail         |     4 |    22 |    50 |    13 ||    89
         Scale mail        |       |       |       |     6 ||     6
  Dodge: Dodged            |    67 |    62 |   132 |    86 ||   347

Table legend: (Time is in decaauts)
 A = Elapsed time spent in this place.
 B = Non-inter-level travel time spent in this place.
 C = Inter-level travel time spent in this place.
 D = Time resting spent in this place.
 E = Time spent auto-exploring this place.
 F = Levels seen in this place.
 G = Mean time per level.
                   A        B        C        D        E       F      G
               +--------+--------+--------+--------+--------+-----+--------+
         Total |  17018 |  16460 |    558 |   1201 |  13373 |  10 | 1701.8 |
       Dungeon |  17018 |  16460 |    558 |   1201 |  13373 |  10 | 1701.8 |
               +--------+--------+--------+--------+--------+-----+--------+

Top non-repeatable levels by time:
     D:8: 3091 daAuts
     D:7: 2142 daAuts
     D:5: 2032 daAuts
     D:9: 1885 daAuts
     D:6: 1804 daAuts
     D:4: 1715 daAuts
     D:2: 1483 daAuts
     D:1: 1358 daAuts
     D:3: 1183 daAuts
    D:10: 320 daAuts
